 Dungeon Crawl Stone Soup version 0.17.0-25-gefc9c12 (webtiles) character file.

4753 4thArraOfDagon the Cleaver (level 10, -7/92 HPs)
             Began as a Hill Orc Berserker on Nov 18, 2015.
             Was a Priest of Trog.
             Mangled by an orc warrior
             ... wielding a +0 long sword of flaming
              (14 damage)
             ... in a volcano.
             The game lasted 00:12:03 (1915 turns).

4thArraOfDagon the Cleaver (Hill Orc Berserker)     Turns: 1915, Time: 00:12:03

Health: -7/92      AC: 13    Str: 24    XL:     10   Next: 46%
Magic:  10/10      EV:  7    Int:  7    God:    Trog [***...]
Gold:   605        SH:  0    Dex: 10    Spells: 0 memorised, 9 levels left

rFire  + . .     SeeInvis .     s - +0 war axe
rCold  + + .     Clarity  .     q - +0 plate armour
rNeg   . . .     SustAt   .     (no shield)
rPois  +         Gourm    .     (no helmet)
rElec  +         Spirit   .     (no cloak)
rCorr  +         Warding  .     (no gloves)
rMut   .         Stasis   .     (no boots)
MR     ++...                    (no amulet)
Stlth  ..........               (no ring)
                                e - ring of protection from cold

@: resistant, regenerating, drained, very resistant to hostile enchantments,
extremely unstealthy
A: no striking features
a: Berserk, Trog's Hand, Burn Spellbooks, Renounce Religion


You were in a volcano.
You worshipped Trog.
Trog was most pleased with you.
You were not hungry.

You visited 2 branches of the dungeon, and saw 12 of its levels.
You also visited: Volcano.

You collected 605 gold pieces.

Inventory:

Hand Weapons
 a - a +0 hand axe
 h - the +7 whip "Biunk" {slash, Int+4}
   (You found it on level 5 of the Dungeon)

   It inflicts extra damage upon your enemies.
   It affects your intelligence (+4).
 s - a +0 war axe (weapon)
 u - a +0 blowgun
 x - a +3 scimitar of flaming
Missiles
 v - 7 poisoned needles
Armour
 b - a +0 animal skin
 q - a +0 plate armour (worn)
Jewellery
 e - a ring of protection from cold (left hand)
Wands
 j - a wand of polymorph (6)
Scrolls
 d - a scroll of noise {unknown}
 f - a scroll of random uselessness {unknown}
 g - a scroll of fear {unknown}
 l - a scroll of teleportation {unknown}
 m - a scroll of remove curse {unknown}
 o - a scroll of immolation {unknown}
 p - 3 scrolls of identify {unknown}
 w - a scroll of silence {unknown}
Books
 t - a book of Death

   Spells                             Type                      Level
   a - Corpse Rot                     Necromancy                   2
   b - Sublimation of Blood           Necromancy                   2
   c - Agony                          Necromancy                   5
   d - Dispel Undead                  Necromancy                   5
   e - Excruciating Wounds            Charms/Necromancy            5
   f - Bolt of Draining               Conjuration/Necromancy       5
   Trog disapproves of the use of such an item.
Comestibles
 c - 3 bread rations
 i - 2 fruits
 k - a royal jelly
 n - 2 chunks of flesh
 r - a meat ration


   Skills:
 + Level 9.6(9.0) Fighting
 * Level 13.8(13.1) Axes
 + Level 8.6(7.9) Armour
 - Level 1.5(1.0) Dodging


You had 9 spell levels left.
You didn't know any spells.

Dungeon Overview and Level Annotations

Branches:
Dungeon (9/15)                Orc (3/4) D:9
 Temple: D:4-7         Lair: D:8-11         Elf: Orc:3-4

Altars:
Ru
Trog
Vehumet

Shops:
Orc:3 :

Annotations:
D:4 Duvessa, Pikel Volcano exclusion: 5 statues


Message History

Unknown command.
Unknown command.
You are covered in liquid flames!
* * * LOW HITPOINT WARNING * * *
Unknown command.
Unknown command.
Your skin crawls.
You feel resistant to hostile enchantments.
You feel slightly more hungry.
Unknown command.
Unknown command.
Evoke which item? (* to show all) (? for menu, Esc to quit)
Okay, then.
You aren't carrying any potions.
Unknown command.
Unknown command.
Unknown command.
Unknown command.
The orc warrior hits you with a long sword of flaming!
You die...

###### ##..[!)##
#oo.)_$∩# ## #.o.[!)?#
##.# ## #.####
§.§.##.## #.o@§####
≈§≈.....### #####.§8#
≈§≈.....8#####8≈.####
§≈§≈≈.......+.####.≈≈#
≈≈≈§≈§§..8###.#≈≈.####
≈≈≈≈≈≈§.### #.####.≈8#
≈≈≈§≈≈§.#####.#≈≈.####
§≈≈≈≈≈≈.§..##.####.§≈#
§≈≈≈≈≈≈§§.###.#8≈.####


You could see an orc warrior.

Vanquished Creatures
  Josephine (Orc:3)
  Erica (Orc:1)
  3 wraiths (Orc:3)
  A warg (D:8)
  A hungry ghost (D:5)
  8 orc warriors
  An ice beast (D:7)
  A tengu (Volcano)
  An ogre (Orc:3)
  A centaur (D:7)
  A big kobold (D:7)
  3 giant frogs
  2 scorpions
  3 wights (D:9)
  A crimson imp (D:7)
  A lava snake (Volcano)
  A gnoll shaman (D:7)
  10 orc priests
  A quasit (D:9)
  A giant frog zombie (D:5)
  A hound (D:7)
  A centaur skeleton (D:5)
  A giant frog skeleton (D:5)
  11 orc wizards
  A worker ant (D:5)
  5 gnolls (D:7)
  2 adders
  A shadow imp (D:7)
  An ooze (D:7)
  3 giant geckos
  56 orcs
  3 goblins
  6 kobolds
  2 bats (Orc:3)
  2 giant newts
139 creatures vanquished.

Notes
Turn   | Place    | Note
--------------------------------------------------------------
     0 | D:1      | 4thArraOfDagon the Hill Orc Berserker began the quest for the Orb.
     0 | D:1      | Reached XP level 1. HP: 19/19 MP: 1/1
   155 | D:4      | Noticed Pikel
   155 | D:4      | Noticed a slave
   155 | D:4      | Noticed a slave
   156 | D:4      | Noticed a slave
   158 | D:4      | Noticed a phantom
   161 | D:4      | Noticed Duvessa
   166 | D:5      | Entered Level 5 of the Dungeon
   175 | D:5      | Noticed a hungry ghost
   185 | D:5      | Noticed a worker ant
   187 | D:5      | Noticed a giant frog zombie
   199 | D:5      | Noticed a scorpion
   202 | D:5      | Killed a worker ant
   202 | D:5      | Reached XP level 2. HP: 17/27 MP: 2/2
   202 | D:5      | Reached XP level 3. HP: 20/33 MP: 3/3
   207 | D:5      | Killed a scorpion
   207 | D:5      | Reached skill level 5 in Axes
   207 | D:5      | Reached XP level 4. HP: 11/40 MP: 4/4
   207 | D:5      | Killed a giant frog zombie
   217 | D:5      | Killed a hungry ghost
   217 | D:5      | Reached skill level 6 in Axes
   217 | D:5      | Reached XP level 5. HP: 4/47 MP: 5/5
   217 | D:5      | Reached XP level 6. HP: 4/55 MP: 6/6
   233 | D:5      | Got an iridescent whip
   234 | D:5      | Identified the +7 whip "Biunk" {slash, Int+4} (You found it on level 5 of the Dungeon)
   283 | D:5      | Noticed a giant frog skeleton
   290 | D:5      | Killed a giant frog skeleton
   360 | D:5      | Noticed a centaur skeleton
   369 | D:5      | Reached skill level 5 in Fighting
   371 | D:5      | Killed a centaur skeleton
   371 | D:5      | Reached skill level 7 in Axes
   480 | D:6      | Reached XP level 7. HP: 47/61 MP: 7/7
   487 | D:6      | Reached skill level 8 in Axes
   542 | D:6      | Found a bloodstained altar of Trog.
   542 | D:6      | Found a sacrificial altar of Ru.
   547 | D:6      | Reached ** piety under Trog
   666 | D:7      | Reached skill level 9 in Axes
   682 | D:7      | Reached skill level 5 in Armour
   738 | D:7      | Reached XP level 8. HP: 71/71 MP: 8/8
   959 | D:9      | Reached skill level 10 in Axes
  1074 | D:9      | Found a staircase to the Orcish Mines.
  1086 | D:9      | Reached skill level 11 in Axes
  1103 | Orc:1    | Entered Level 1 of the Orcish Mines
  1109 | Orc:1    | Reached XP level 9. HP: 76/79 MP: 9/9
  1234 | Orc:1    | Noticed Erica
  1253 | Orc:1    | Killed Erica
  1253 | Orc:1    | Reached skill level 12 in Axes
  1301 | Orc:1    | Reached *** piety under Trog
  1534 | Orc:3    | Found Huhab's Book Shop.
  1539 | Orc:3    | Noticed Josephine
  1552 | Orc:3    | Killed Josephine
  1552 | Orc:3    | Reached skill level 13 in Axes
  1552 | Orc:3    | Reached XP level 10. HP: 75/91 MP: 10/10
  1610 | Orc:3    | Found a radiant altar of Vehumet.
  1716 | Orc:3    | Found a dark tunnel.
  1759 | Volcano  | Entered a volcano
  1897 | Volcano  | Noticed a firespitter statue
  1898 | Volcano  | Noticed a firespitter statue
  1902 | Volcano  | Noticed a firespitter statue
  1904 | Volcano  | Noticed a firespitter statue
  1905 | Volcano  | Noticed a firespitter statue
  1910 | Volcano  | Found a burning altar of Makhleb.
  1910 | Volcano  | Noticed an orc sorcerer
  1913 | Volcano  | HP: 3/92 [burnt (3)]
  1915 | Volcano  | Mangled by an orc warrior

Action                   |  1- 3 |  4- 6 |  7- 9 | 10-12 || total
-------------------------+-------+-------+-------+-------++-------
Melee: Hand axe          |    24 |    10 |       |       ||    34
       Whip              |       |    23 |   119 |       ||   142
       War axe           |       |       |   138 |    46 ||   184
Invok: Berserk           |     1 |     2 |    10 |     3 ||    16
       Trog's Hand       |       |       |     8 |     6 ||    14
Evoke: Wand              |       |       |       |     1 ||     1
  Use: Potion            |     2 |     4 |       |     1 ||     7
 Stab: Invisible         |       |       |     1 |       ||     1
  Eat: Bread ration      |       |     1 |       |       ||     1
       Chunk             |       |       |    14 |     6 ||    20
